 Dungeon Crawl Stone Soup version 0.21-a0-51-gea492e9 (webtiles) character file.

28 grindst0ne the Ruffian (level 3, -2/33 HPs)
             Began as a Ghoul Monk on June 12, 2017.
             Slain by a gnoll
             ... wielding a +0 spear
              (10 damage)
             ... on level 2 of the Dungeon.
             The game lasted 00:01:12 (576 turns).

grindst0ne the Ruffian (Ghoul Monk)                  Turns: 576, Time: 00:01:13

Health: -2/33      AC:  5    Str: 14    XL:     3   Next: 14%
Magic:  2/2        EV: 11    Int:  5    God:
Gold:   31         SH:  0    Dex: 12    Spells: 2/2 levels left

rFire    . . .     SeeInvis .     - Unarmed
rCold    + . .     Gourm    +   (no shield)
rNeg     + + +     Faith    .   d - +0 ring mail
rPois    ∞         Spirit   .   (no helmet)
rElec    .         Reflect  .   (no cloak)
rCorr    .         Harm     .   (no gloves)
MR       .....                  (no boots)
Stlth    +.........             e - amulet of the gourmand
Regen    0.0/turn               (no ring)
MPRegen  0.1/turn               (no ring)

@: rotting
A: rotting body, claws 1, carnivore 3, cold resistance 1, negative energy
resistance 3, inhibited regeneration, torment resistance, unbreathing
a: no special abilities


You were on level 2 of the Dungeon.
You were not hungry.

You visited 1 branch of the dungeon, and saw 2 of its levels.

You collected 31 gold pieces.

Inventory:

Armour
 a - a +0 robe
 d - a +0 ring mail (worn)
Jewellery
 e - an amulet of the gourmand (around neck)
Scrolls
 g - a scroll of remove curse {unknown}
 i - a scroll of identify {unknown}
 k - a scroll of immolation {unknown}
 n - a scroll of magic mapping {unknown}
Potions
 h - a potion of ambrosia {unknown}
 j - a potion of resistance {unknown}
 l - a potion of cancellation {unknown}
 o - a potion of heal wounds {unknown}
Comestibles
 b - 2 meat rations
 f - 9 chunks of flesh
 m - a royal jelly


   Skills:
 + Level 3.9 Fighting
 - Level 2.6 Dodging
 - Level 2.1 Stealth
 + Level 4.1 Unarmed Combat


You had 2 spell levels left.
You didn't know any spells.

Dungeon Overview and Level Annotations

Branches:
Dungeon (2/15)

Altars:


Innate Abilities, Weirdness & Mutations

Your body is rotting away.
You thrive on raw meat.
You are immune to poison.
You have sharp fingernails.
You are carnivorous and can eat meat at any time.
Your flesh is cold resistant. (rC+)
You are immune to negative energy. (rN+++)
You do not regenerate when monsters are visible.
You are immune to unholy pain and torment.
You can survive without breathing.


Message History

The adder bites you but does no damage. The gnoll hits you.
You scratch the gnoll.
The gnoll is severely wounded.
The adder bites you.
The gnoll hits you from afar with a spear.
The gnoll barely misses you.
You closely miss the gnoll.
The gnoll is heavily wounded.
The adder closely misses you. The gnoll barely misses you. The gnoll hits you.
You scratch the gnoll.
The gnoll is severely wounded.
The adder bites you.
The gnoll hits you from afar with a spear!
* * * LOW HITPOINT WARNING * * *
The gnoll hits you.
* * * LOW HITPOINT WARNING * * *
It was a potion of curing.
You feel better. The adder bites you but does no damage.
The gnoll hits you from afar with a spear!
You die...

..... ##.#.#
#..#.# #
##.<#.###...
###...#.....#
#...#...#####
#...##..gb....#
........#S###.#
........#@#
....g...#g#
.......#g#
.......#.#
.......#.# #..
... #..


You could see 2 gnolls, an adder, a hobgoblin and a bat.

Vanquished Creatures
  A gnoll (D:2)
  A leopard gecko (D:1)
  4 goblins (D:1)
  5 hobgoblins (D:1)
  A kobold (D:1)
  2 bats (D:1)
  A frilled lizard (D:1)
  2 rats (D:1)
17 creatures vanquished.

Notes
Turn   | Place    | Note
-------+----------+-------------------------------------------
     0 | D:1      | grindst0ne the Ghoul Monk began the quest for the Orb.
     0 | D:1      | Reached XP level 1. HP: 19/19 MP: 0/0
    94 | D:1      | Reached XP level 2. HP: 10/26 MP: 1/1
   568 | D:2      | Reached skill level 4 in Unarmed Combat
   568 | D:2      | Reached XP level 3. HP: 33/33 MP: 2/2
   575 | D:2      | HP: 1/33 [gnoll (1)]
   576 | D:2      | Slain by a gnoll

Vault maps used:
D:1:      dpeg_arrival_tiny_a, hangedman_decor_growths
D:2:      tso_metal_star, minmay_goblin_outpost, uniq_natasha

Skill      XL: |  1  2 |
---------------+-------+-----
Unarmed Combat | 4 |  4.1
Fighting       | |  3.9
Dodging        | |  2.6
Stealth        | |  2.1

Action                   || total
-------------------------++-------
Melee: Unarmed           ||    44
       Punch             ||     1
  Use: Potion            ||     1
  Eat: Chunk             ||     1
Armor: Ring mail         ||    24
Dodge: Dodged            ||    36
